 Dungeon Crawl Stone Soup version 0.25-a0-285-gcba6f664f8 (webtiles) character file.

Game seed: 9185976439034734060, levelgen mode: deterministic

68 night the Chopper (level 4, -4/35 HPs)
             Began as a Demonspawn Gladiator on Dec 11, 2019.
             Was an Initiate of Cheibriados.
             Slain by an ice beast (11 damage)
             ... on level 3 of the Dungeon.
             The game lasted 00:02:25 (1669 turns).

night the Chopper (Demonspawn Gladiator)            Turns: 1669, Time: 00:02:27

Health: -4/35      AC:  5    Str: 15    XL:     4   Next: 1%
Magic:  4/4        EV: 12    Int: 12    God:    Cheibriados [......]
Gold:   67         SH:  0    Dex: 15    Spells: 3/3 levels left

rFire    . . .     SeeInvis .   a - +0 war axe
rCold    . . .     Gourm    .   (no shield)
rNeg     . . .     Faith    .   b - +0 leather armour
rPois    .         Spirit   .   c - +0 helmet
rElec    .         Reflect  .   (no cloak)
rCorr    .         Harm     .   (no gloves)
MR       .....                  r - +0 pair of boots
Stlth    +.........             (no amulet)
HPRegen  0.11/turn              (no ring)
MPRegen  0.09/turn              (no ring)

@: very slow
A: spiny 1, rot immunity
a: Bend Time, Renounce Religion


You were on level 3 of the Dungeon.
You worshipped Cheibriados.
Cheibriados was noncommittal.
You were not hungry.

You visited 1 branch of the dungeon, and saw 3 of its levels.

You collected 67 gold pieces.

Inventory:

Hand Weapons
 a - a +0 war axe (weapon)
Missiles
 d - 3 throwing nets (quivered)
 k - 13 poisoned darts
 o - 54 arrows
Armour
 b - a +0 leather armour (worn)
 c - a +0 helmet (worn)
 r - a +0 pair of boots (worn)
Scrolls
 h - a scroll of enchant weapon {unknown}
 i - a scroll of fog {unknown}
 l - 5 scrolls of identify {unknown}
 p - a scroll of teleportation {unknown}
 q - a scroll of amnesia {unknown}
Potions
 e - a potion of degeneration {unknown}
 j - 3 potions of flight {unknown}
 m - a potion of cancellation {unknown}
 n - 2 potions of curing {unknown}
Comestibles
 f - 5 rations


   Skills:
 + Level 3.3 Fighting
 + Level 3.7 Axes
 - Level 1.7 Throwing
 - Level 2.6 Dodging


You had 3 spell levels left.
You didn't know any spells.
Your spell library was empty.

Dungeon Overview and Level Annotations

Branches:
Dungeon (3/15)

Altars:
Ashenzari
Cheibriados

Annotations:
D:3 Robin


Innate Abilities, Weirdness & Mutations

You are partially covered in sharp spines.
You are immune to rotting.


Message History

You kill the rat!
Cheibriados thoroughly appreciates the change of pace.
You hit the hobgoblin.
The hobgoblin is heavily wounded.
The hobgoblin closely misses you.
You slash the hobgoblin!
You kill the hobgoblin!
Cheibriados appreciates the change of pace.
You have reached level 4!
You feel clever.
There is a stone staircase leading up here.
You hit the ice beast but do no damage. The ice beast hits you.
The ice beast freezes you!
You barely miss the ice beast. The ice beast hits you.
The ice beast freezes you!
* * * LOW HITPOINT WARNING * * *
The ice beast hits you.
* * * LOW HITPOINT WARNING * * *
The ice beast freezes you!
You die...

##.........##
#...........##
#.............
#.............
#.............
#.............
#....†Y.......
#..@.......#
#######$.### #
....# ....##
g.g... #g...#


gggg.# ##.gg.. You could see an ice beast.

Vanquished Creatures
  A gnoll (D:2)
  An ooze (D:2)
  A worm (D:2)
  2 dart slugs (D:2)
  A leopard gecko (D:1)
  A giant cockroach (D:2)
  9 goblins
  8 hobgoblins
  2 kobolds
  A quokka (D:2)
  4 bats
  5 frilled lizards
  11 rats
47 creatures vanquished.

Notes
Turn   | Place    | Note
-------+----------+-------------------------------------------
     0 | D:1      | night the Demonspawn Gladiator began the quest for the Orb.
     0 | D:1      | Reached XP level 1. HP: 16/16 MP: 1/1
   130 | D:1      | Found a shattered altar of Ashenzari.
   190 | D:1      | Gained mutation: You are partially covered in sharp spines.
                  | [demonic ancestry]
   190 | D:1      | Reached XP level 2. HP: 23/23 MP: 2/2
   938 | D:2      | Gained mutation: You are immune to rotting. [demonic
                  | ancestry]
   938 | D:2      | Reached XP level 3. HP: 21/28 MP: 3/3
  1054 | D:2      | Found a snail-covered altar of Cheibriados.
  1068 | D:2      | Became a worshipper of Cheibriados the Contemplative
  1396 | D:3      | Noticed Robin
  1661 | D:3      | Noticed an ice beast
  1665 | D:3      | Reached XP level 4. HP: 35/35 MP: 4/4
  1669 | D:3      | Slain by an ice beast

Levels and vault maps discovered:
D:1:      dpeg_arrival_lava_altar, layout_loops_ring,
          nicolae_ashenzari_panopticon
D:2:      layout_basic, cheibriados_altar_1
D:3:      layout_rooms, gammafunk_temple_overflow_elements,
          nicolae_ru_path_of_blood, uniq_natasha, uniq_robin

Skill      XL: |  1  2  3 |
---------------+----------+-----
Axes           | 3 |  3.7
Fighting       | 3 |  3.3
Throwing       | |  1.7
Dodging        | |  2.6

Action                   |  1- 3 |  4- 6 || total
-------------------------+-------+-------++-------
Melee: War axe           |    85 |     2 ||    87
 Stab: Sleeping          |     3 |       ||     3
  Eat: Chunk             |     3 |       ||     3
Armor: Leather armour    |    25 |       ||    25
Dodge: Dodged            |    59 |       ||    59

Table legend:
 A = Non-vault XP
 B = Vault XP
 C = Vault XP percentage of total XP
 D = Non-vault monster count
 E = Vault monster count
 F = Vault count percentage of total count
                 A         B        C        D         E       F
            +---------+---------+-------+---------+---------+-------
      Total |      97 |       1 |   1.0 |      46 |       1 |   2.1
            +---------+---------+-------+---------+---------+-------
        D:1 |      24 |       0 |   0.0 |      17 |       0 |   0.0
        D:2 |      70 |       1 |   1.4 |      27 |       1 |   3.6
        D:3 |       3 |       0 |   0.0 |       2 |       0 |   0.0
            +---------+---------+-------+---------+---------+-------
